CAROLINA Hurricanes vs NEW YORK Islanders

Created - 5 avril 2024 at 17:07

Goals
1 2 3 T
CAROLINA Hurricanes 1 0 2 3
NEW YORK Islanders 0 1 0 1
Shots
1 2 3 T
CAROLINA Hurricanes 10 6 7 23
NEW YORK Islanders 5 14 10 29

1st period

1. CAROLINA Hurricanes , Elias Pettersson 27 (Devon Toews 43, Mika Zibanejad 47) at 11:49 (PP)

Penalties :
Erik Cernak (NYI) for Roughing (Minor) at 6:31, Dillon Dube (NYI) for Tripping (Minor) at 10:53

2nd period

2. NEW YORK Islanders , Victor Olofsson 10 (Jesper Fast 15, Sebastian D Aho 7) at 6:55

Penalties :
Erik Cernak (NYI) for Hooking (Minor) at 0:58, Jacob Trouba (NYI) for Tripping (Minor) at 3:56

3rd period

3. CAROLINA Hurricanes , Travis Konecny 21 (Devon Toews 44, Brady Tkachuk 21) at 9:41 (PP)
4. CAROLINA Hurricanes , Elias Pettersson 28 (Travis Konecny 17, Devon Toews 45) at 12:54

Penalties :
Brandon Montour (CAR) for Cross-checking (Minor) at 0:03, Jacob Trouba (NYI) for Cross-checking (Minor) at 8:45, Blake Lizotte (CAR) for Holding (Minor) at 13:43

Goalie Stats

Alexandar Georgiev (CAR), 28 saves from 29 shots - (0,966), W, 39-25-5, 60:00 minutes
Ilya Sorokin (NYI), 20 saves from 23 shots - (0,870), L, 35-28-5, 60:00 minutes

Players Stats for CAROLINA Hurricanes

Player Name              G  A  P  +/- PIM S  H  SB GA TA FO     MP     PP MP  PK MP  
------------------------------------------------------------------------------------
Adam Fox                 0  0  0   0  0   3  1  3  0  0  0/0    24:18   4:29   2:14 
Blake Lizotte            0  0  0   0  2   0  1  0  0  0  2/4     8:15   0:00   0:00 
Brady Tkachuk            0  1  1   0  0   0  0  0  0  0  1/2    19:07   3:57   2:52 
Brandon Montour          0  0  0   0  2   1  1  0  0  0  0/0    22:03   4:29   0:00 
David Perron             0  0  0  -1  0   2  0  0  0  0  0/0    12:39   0:00   0:00 
Derek Ryan               0  0  0   0  0   0  1  0  0  0  0/1     9:22   0:00   1:06 
Devon Toews              0  3  3   1  0   2  2  1  0  0  0/0    23:04   3:20   2:14 
Elias Pettersson         2  0  2   1  0   5  1  0  0  0  0/2    18:52   3:52   0:00 
Filip Forsberg           0  0  0  -1  0   1  1  0  0  0  0/1    12:39   0:00   0:00 
Kris Letang              0  0  0   1  0   0  5  1  0  0  0/0    22:34   3:20   1:44 
Lars Eller               0  0  0  -1  0   0  0  0  0  0  8/14   13:45   0:00   1:06 
Mika Zibanejad           0  1  1   1  0   3  0  1  0  0  14/30  21:44   3:52   2:52 
Nazem Kadri              0  0  0   0  0   2  1  0  0  0  7/16   16:15   3:57   0:00 
Niko Mikkola             0  0  0  -1  0   0  0  0  0  0  0/0    13:08   0:00   0:00 
Noah Cates               0  0  0   0  0   0  0  0  0  0  0/1     8:16   0:00   0:00 
Rasmus Ristolainen       0  0  0  -1  0   0  5  0  0  0  0/0    14:52   0:00   1:44 
Travis Konecny           1  1  2   1  0   3  0  0  0  0  0/2    18:57   3:57   0:00 
William Nylander         0  0  0   0  0   1  0  0  0  0  0/0    16:10   3:52   0:00 

Players Stats for NEW YORK Islanders

Player Name              G  A  P  +/- PIM S  H  SB GA TA FO     MP     PP MP  PK MP  
------------------------------------------------------------------------------------
Braden Schneider         0  0  0   0  0   2  0  1  0  0  0/0    21:21   1:21   2:33 
Dillon Dube              0  0  0   0  2   4  2  0  0  0  11/21  17:22   1:46   1:31 
Erik Cernak              0  0  0   0  4   1  3  1  0  0  0/0    22:26   2:37   2:25 
Ethan Bear               0  0  0   0  0   2  0  2  0  0  0/0    16:24   1:21   1:43 
Gustav Nyquist           0  0  0   0  0   1  1  0  0  0  0/0    19:39   0:12   5:21 
Ilya Lyubushkin          0  0  0   0  0   3  0  1  0  0  0/0    16:05   0:00   2:45 
Jacob Trouba             0  0  0   0  4   2  4  2  0  0  0/0    23:11   2:37   3:10 
Jesper Fast              0  1  1   0  0   1  0  0  0  0  0/0    11:59   0:00   1:53 
Kirby Dach               0  0  0   0  0   3  2  0  0  0  6/12   11:52   1:46   0:00 
Lucas Raymond            0  0  0   0  0   0  2  0  0  0  0/0    16:18   2:12   0:00 
Michael McLeod           0  0  0   0  0   0  0  0  0  0  0/1     5:51   0:00   0:00 
Nikolaj Ehlers           0  0  0   0  0   0  1  0  0  0  0/0    20:19   1:34   0:35 
Nino Niederreiter        0  0  0   0  0   3  0  0  0  0  0/0    20:22   2:12   0:00 
Pius Suter               0  0  0   0  0   0  0  0  0  0  4/4     5:51   0:00   0:00 
Sean Kuraly              0  0  0   0  0   0  2  0  0  0  3/12   11:47   0:00   5:56 
Sebastian D Aho          0  1  1   0  0   0  1  1  0  0  0/0    20:29   0:00   3:02 
Victor Olofsson          1  0  1   0  0   2  1  0  0  0  0/0    10:06   0:00   0:00 
Vincent Trocheck         0  0  0   0  0   5  4  0  0  0  17/23  20:44   2:12   0:22 

3 Stars

1 - Elias Pettersson (CAR)
2 - Devon Toews (CAR)
3 - Travis Konecny (CAR)

Power Play

CAROLINA Hurricanes - 2 on 5 Attempt(s) - 40,00%
NEW YORK Islanders - 0 on 2 Attempt(s) - 0,00%

Penalty Kill

CAROLINA Hurricanes - 2 on 2 Attempt(s) - 100,00% - Score 0 goal in Penalty Kill
NEW YORK Islanders - 3 on 5 Attempt(s) - 60,00% - Score 0 goal in Penalty Kill

Team Stat

CAROLINA Hurricanes - Hits : 19 - Faceoff Wins : 32 - Blocked Shots : 6 - Penalty Minutes : 4
NEW YORK Islanders - Hits : 23 - Faceoff Wins : 41 - Blocked Shots : 8 - Penalty Minutes : 10

Official

Referees : Trey Pecina and Anna Wiegand
Linesman : Matt MacPherson and Alexandra Clarke

Game Notes

No Game Note

Finance

Level 1 -- Attendance: 6000 (100,00%) -- Ticket Income $510,000
Level 2 -- Attendance: 5453 (99,15%) -- Ticket Income $272,650
Level 3 -- Attendance: 2678 (89,27%) -- Ticket Income $66,950
Level 4 -- Attendance: 3464 (69,28%) -- Ticket Income $76,208
Luxury Box -- Attendance: 688 (68,80%) -- Ticket Income $147,920
Game was played at the Barclays Center.
Total Attendance: 18283 (89,19%)
Total Ticket Income: $1,073,728
Other Income: $268,432
Total Income: $1,342,160

CAROLINA Hurricanes

5 vs 5 Forward 
   Center                   Left Wing                Right Wing               Time % Phy DF OF 
 1 Mika Zibanejad           Elias Pettersson         Travis Konecny           40     1   2  2  
 2 Nazem Kadri              Brady Tkachuk            William Nylander         30     1   2  2  
 3 Lars Eller               Filip Forsberg           David Perron             20     1   2  2  
 4 Blake Lizotte            Noah Cates               Derek Ryan               10     1   2  2  

5 vs 5 Defense 
   Defense                  Defense                                           Time % Phy DF OF 
 1 Adam Fox                 Brandon Montour                                   45     1   2  2  
 2 Kris Letang              Devon Toews                                       35     1   2  2  
 3 Rasmus Ristolainen       Niko Mikkola                                      20     1   2  2  
 4 Adam Fox                 Brandon Montour                                   0      1   2  2  

PowerPlay Forward 
   Center                   Left Wing                Right Wing               Time % Phy DF OF 
 1 Mika Zibanejad           Elias Pettersson         William Nylander         80     1   2  2  
 2 Nazem Kadri              Brady Tkachuk            Travis Konecny           20     1   2  2  

PowerPlay Defense
   Defense                  Defense                                           Time % Phy DF OF 
 1 Adam Fox                 Brandon Montour                                   60     1   2  2  
 2 Kris Letang              Devon Toews                                       40     1   2  2  

Penalty Kill 4 Players Forward 
   Center                   Wing                     Time % Phy DF OF 
 1 Mika Zibanejad           Brady Tkachuk            60     1   2  2  
 2 Lars Eller               Derek Ryan               40     1   2  2  

Penalty Kill 4 Players Defense
   Defense                  Defense                  Time % Phy DF OF 
 1 Adam Fox                 Devon Toews              60     1   2  2  
 2 Kris Letang              Rasmus Ristolainen       40     1   2  2  

Penalty Kill - 3 Players Forward 
   Forward                                           Time % Phy DF OF 
 1 Lars Eller                                        60     1   2  2  
 2 Mika Zibanejad                                    40     1   2  2  

Penalty Kill - 3 Players Defense
   Defense                  Defense                  Time % Phy DF OF 
 1 Adam Fox                 Devon Toews              60     1   2  2  
 2 Kris Letang              Rasmus Ristolainen       40     1   2  2  

4 vs 4 Forward 
   Center                   Wing                     Time % Phy DF OF 
 1 Mika Zibanejad           William Nylander         60     1   2  2  
 2 Elias Pettersson         Filip Forsberg           40     1   2  2  

4 vs 4 Defense
   Defense                  Defense                  Time % Phy DF OF 
 1 Adam Fox                 Brandon Montour          60     1   2  2  
 2 Kris Letang              Devon Toews              40     1   2  2  

Last Minutes Offensive
   Center                   Left Wing                Right Wing               Defense                  Defense                  
   Mika Zibanejad           Brady Tkachuk            William Nylander         Adam Fox                 Brandon Montour          

Last Minutes Defensive
   Center                   Left Wing                Right Wing               Defense                  Defense                  
   Mika Zibanejad           Brady Tkachuk            William Nylander         Adam Fox                 Brandon Montour          

Goaltenders
Starting : Alexandar Georgiev       
Backup : Alex Lyon                

Extra Forwards
Normal : Nazem Kadri, David Perron, Travis Konecny - PP : Nazem Kadri, David Perron - PK : Nazem Kadri
Extra Defensemen
Normal : Devon Toews, Rasmus Ristolainen, Niko Mikkola - PP : Devon Toews - PK : Devon Toews, Rasmus Ristolainen
Penalty Shots
Mika Zibanejad, Elias Pettersson, William Nylander, Brady Tkachuk, Nazem Kadri

Scratches
Ryan Reaves (Healthy)

NEW YORK Islanders

5 vs 5 Forward 
   Center                   Left Wing                Right Wing               Time % Phy DF OF 
 1 Vincent Trocheck         Nino Niederreiter        Nikolaj Ehlers           40     1   2  2  
 2 Dillon Dube              Gustav Nyquist           Lucas Raymond            30     1   2  2  
 3 Kirby Dach               Victor Olofsson          Jesper Fast              20     1   2  2  
 4 Pius Suter               Sean Kuraly              Michael McLeod           10     1   2  2  

5 vs 5 Defense 
   Defense                  Defense                                           Time % Phy DF OF 
 1 Jacob Trouba             Erik Cernak                                       40     1   2  2  
 2 Sebastian D Aho          Braden Schneider                                  30     1   2  2  
 3 Ilya Lyubushkin          Ethan Bear                                        20     1   2  2  
 4 Erik Cernak              Jacob Trouba                                      10     1   2  2  

PowerPlay Forward 
   Center                   Left Wing                Right Wing               Time % Phy DF OF 
 1 Vincent Trocheck         Lucas Raymond            Nino Niederreiter        70     1   2  2  
 2 Dillon Dube              Nikolaj Ehlers           Kirby Dach               30     1   2  2  

PowerPlay Defense
   Defense                  Defense                                           Time % Phy DF OF 
 1 Jacob Trouba             Erik Cernak                                       60     1   2  2  
 2 Ethan Bear               Braden Schneider                                  40     1   2  2  

Penalty Kill 4 Players Forward 
   Center                   Wing                     Time % Phy DF OF 
 1 Sean Kuraly              Gustav Nyquist           60     1   2  2  
 2 Dillon Dube              Jesper Fast              40     1   2  2  

Penalty Kill 4 Players Defense
   Defense                  Defense                  Time % Phy DF OF 
 1 Jacob Trouba             Erik Cernak              60     1   2  2  
 2 Braden Schneider         Ilya Lyubushkin          40     1   2  2  

Penalty Kill - 3 Players Forward 
   Forward                                           Time % Phy DF OF 
 1 Pius Suter                                        60     1   2  2  
 2 Vincent Trocheck                                  40     1   2  2  

Penalty Kill - 3 Players Defense
   Defense                  Defense                  Time % Phy DF OF 
 1 Jacob Trouba             Erik Cernak              60     1   2  2  
 2 Ilya Lyubushkin          Sebastian D Aho          40     1   2  2  

4 vs 4 Forward 
   Center                   Wing                     Time % Phy DF OF 
 1 Vincent Trocheck         Nino Niederreiter        60     1   2  2  
 2 Pius Suter               Victor Olofsson          40     1   2  2  

4 vs 4 Defense
   Defense                  Defense                  Time % Phy DF OF 
 1 Jacob Trouba             Erik Cernak              60     1   2  2  
 2 Ilya Lyubushkin          Braden Schneider         40     1   2  2  

Last Minutes Offensive
   Center                   Left Wing                Right Wing               Defense                  Defense                  
   Vincent Trocheck         Nino Niederreiter        Nikolaj Ehlers           Jacob Trouba             Erik Cernak              

Last Minutes Defensive
   Center                   Left Wing                Right Wing               Defense                  Defense                  
   Vincent Trocheck         Nino Niederreiter        Lucas Raymond            Jacob Trouba             Erik Cernak              

Goaltenders
Starting : Ilya Sorokin             
Backup : Anton Khudobin           

Extra Forwards
Normal : Vincent Trocheck, Nino Niederreiter, Lucas Raymond - PP : Nikolaj Ehlers, Kirby Dach - PK : Sean Kuraly
Extra Defensemen
Normal : Ethan Bear, Jacob Trouba, Braden Schneider - PP : Ethan Bear - PK : Erik Cernak, Sebastian D Aho
Penalty Shots
Nino Niederreiter, Vincent Trocheck, Lucas Raymond, Nikolaj Ehlers, Victor Olofsson

Scratches
Adam Ruzicka (Healthy), Brett Connolly (Healthy), Jay Beagle (Healthy), Zack Kassian (Healthy)

% Time on Ice - CAROLINA Hurricanes

Lines # - Real PCT - Wanted PCT - Time Play
Normal Forward
1 - 31% - 40% - 15:00
2 - 26% - 30% - 12:18
3 - 26% - 20% - 12:39
4 - 17% - 10% - 8:16
Normal Defense
1 - 36% - 45% - 17:35
2 - 36% - 35% - 17:30
3 - 27% - 20% - 13:08
4 - 0% - 0% - 0:00
PP Forward
1 - 49% - 80% - 3:52
2 - 51% - 20% - 3:57
PP Defense
1 - 57% - 60% - 4:29
2 - 43% - 40% - 3:20
PK Forward
1 - 72% - 60% - 2:52
2 - 28% - 40% - 1:06
PK Defense
1 - 56% - 60% - 2:14
2 - 44% - 40% - 1:44
PK3 Forward
1 - 0% - 60%
2 - 0% - 40%
PK3 Defense
1 - 0% - 60%
2 - 0% - 40%
44 Forward
1 - 0% - 60%
2 - 0% - 40%
44 Defense
1 - 0% - 60%
2 - 0% - 40%
Last Minute Offensive  - 0:00
Last Minute Defensive  - 0:00
Total
Forward - 60:00
Defense - 60:00

% Time on Ice - NEW YORK Islanders

Lines # - Real PCT - Wanted PCT - Time Play
Normal Forward
1 - 38% - 40% - 18:10
2 - 29% - 30% - 14:06
3 - 21% - 20% - 10:06
4 - 12% - 10% - 5:51
Normal Defense
1 - 35% - 40% - 16:44
2 - 36% - 30% - 17:27
3 - 28% - 20% - 13:20
4 - 1% - 10% - 0:42
PP Forward
1 - 55% - 70% - 2:12
2 - 45% - 30% - 1:46
PP Defense
1 - 66% - 60% - 2:37
2 - 34% - 40% - 1:21
PK Forward
1 - 76% - 60% - 5:56
2 - 24% - 40% - 1:53
PK Defense
1 - 67% - 60% - 5:16
2 - 33% - 40% - 2:33
PK3 Forward
1 - 0% - 60%
2 - 0% - 40%
PK3 Defense
1 - 0% - 60%
2 - 0% - 40%
44 Forward
1 - 0% - 60%
2 - 0% - 40%
44 Defense
1 - 0% - 60%
2 - 0% - 40%
Last Minute Offensive  - 0:00
Last Minute Defensive  - 0:00
Total
Forward - 60:00
Defense - 60:00

Play-by-Play

1st period


0:01 of 1st period - Mika Zibanejad wins face-off versus Vincent Trocheck in neutral zone.
0:06 of 1st period - Shot by Mika Zibanejad.
0:06 of 1st period - Shot Blocked by Erik Cernak.
0:11 of 1st period - Mika Zibanejad is hit by Jacob Trouba and loses puck.
0:33 of 1st period - Adam Fox is hit by Vincent Trocheck.
0:44 of 1st period - Elias Pettersson is hit by Jacob Trouba and loses puck.
1:43 of 1st period - Shot by Gustav Nyquist.
1:43 of 1st period - Stopped by Alexandar Georgiev with a rebound.
1:45 of 1st period - Shot by Dillon Dube.
1:45 of 1st period - Shot Misses the Net.
3:52 of 1st period - Shot by David Perron.
3:52 of 1st period - Stopped by Ilya Sorokin with a rebound.
3:54 of 1st period - Shot by Adam Fox.
3:54 of 1st period - Stopped by Ilya Sorokin without a rebound.
3:55 of 1st period - Dillon Dube wins face-off versus Mika Zibanejad in NEW YORK Islanders zone.
4:04 of 1st period - Shot by Elias Pettersson.
4:04 of 1st period - Shot Misses the Net.
4:06 of 1st period - Shot by Niko Mikkola.
4:06 of 1st period - Shot Blocked by Ilya Lyubushkin.
4:30 of 1st period - Niko Mikkola is hit by Gustav Nyquist and loses puck.
4:49 of 1st period - Shot by Adam Fox.
4:49 of 1st period - Stopped by Ilya Sorokin without a rebound.
4:50 of 1st period - Vincent Trocheck wins face-off versus Noah Cates in NEW YORK Islanders zone.
4:50 of 1st period - Vincent Trocheck is hit by Blake Lizotte.
5:01 of 1st period - Icing by Adam Fox.
5:02 of 1st period - Blake Lizotte wins face-off versus Kirby Dach in CAROLINA Hurricanes zone.
5:19 of 1st period - Derek Ryan is hit by Victor Olofsson and loses puck.
5:26 of 1st period - Shot by Kirby Dach.
5:26 of 1st period - Shot Misses the Net.
5:28 of 1st period - Shot by Kirby Dach.
5:28 of 1st period - Stopped by Alexandar Georgiev without a rebound.
5:29 of 1st period - Vincent Trocheck wins face-off versus Lars Eller in CAROLINA Hurricanes zone.
5:39 of 1st period - Nino Niederreiter is hit by Rasmus Ristolainen and loses puck.
5:54 of 1st period - Shot by Filip Forsberg.
5:54 of 1st period - Stopped by Ilya Sorokin without a rebound.
5:55 of 1st period - Dillon Dube wins face-off versus Mika Zibanejad in NEW YORK Islanders zone.
6:31 of 1st period - Minor Penalty to Erik Cernak for Roughing.
6:32 of 1st period - Mika Zibanejad wins face-off versus Sean Kuraly in NEW YORK Islanders zone.
7:19 of 1st period - Nazem Kadri is hit by Sean Kuraly and loses puck.
7:36 of 1st period - Shot by Nazem Kadri.
7:36 of 1st period - Shot Misses the Net.
7:38 of 1st period - Shot by Brandon Montour.
7:38 of 1st period - Shot Blocked by Sebastian D Aho.
7:40 of 1st period - Shot by Travis Konecny.
7:40 of 1st period - Stopped by Ilya Sorokin without a rebound.
7:41 of 1st period - Nazem Kadri wins face-off versus Dillon Dube in NEW YORK Islanders zone.
8:10 of 1st period - Shot by Brady Tkachuk.
8:10 of 1st period - Shot Misses the Net.
8:20 of 1st period - Shot by Kris Letang.
8:20 of 1st period - Shot Misses the Net.
8:28 of 1st period - Shot by Devon Toews.
8:28 of 1st period - Shot Misses the Net.
8:30 of 1st period - Shot by Devon Toews.
8:30 of 1st period - Stopped by Ilya Sorokin without a rebound.
8:31 of 1st period - Vincent Trocheck wins face-off versus Lars Eller in NEW YORK Islanders zone.
8:47 of 1st period - Off-side.
8:48 of 1st period - Kirby Dach wins face-off versus Derek Ryan in neutral zone.
8:54 of 1st period - Kirby Dach is hit by Kris Letang and loses puck.
9:05 of 1st period - Shot by Kirby Dach.
9:05 of 1st period - Shot Blocked by Devon Toews.
9:31 of 1st period - Shot by Noah Cates.
9:31 of 1st period - Shot Misses the Net.
10:53 of 1st period - Minor Penalty to Dillon Dube for Tripping.
10:54 of 1st period - Nazem Kadri wins face-off versus Sean Kuraly in NEW YORK Islanders zone.
11:45 of 1st period - Shot by Mika Zibanejad.
11:45 of 1st period - Shot Misses the Net.
11:47 of 1st period - Shot by Devon Toews.
11:47 of 1st period - Shot Misses the Net.
11:49 of 1st period - Shot by Elias Pettersson.
11:49 of 1st period - Goal by Elias Pettersson - CAROLINA Hurricanes : 1 - NEW YORK Islanders : 0.
11:50 of 1st period - Lars Eller wins face-off versus Dillon Dube in neutral zone.
12:33 of 1st period - Off-side.
12:34 of 1st period - Pius Suter wins face-off versus Brady Tkachuk in neutral zone.
12:48 of 1st period - Pius Suter is hit by Kris Letang and loses puck.
12:56 of 1st period - Pius Suter is hit by Kris Letang and loses puck.
13:32 of 1st period - Icing by Devon Toews.
13:33 of 1st period - Vincent Trocheck wins face-off versus Nazem Kadri in CAROLINA Hurricanes zone.
13:48 of 1st period - Shot by Nino Niederreiter.
13:48 of 1st period - Stopped by Alexandar Georgiev with a rebound.
13:51 of 1st period - Vincent Trocheck is hit by Kris Letang and loses puck.
14:45 of 1st period - Shot by Elias Pettersson.
14:45 of 1st period - Stopped by Ilya Sorokin with a rebound.
15:05 of 1st period - Shot by Elias Pettersson.
15:05 of 1st period - Shot Blocked by Ethan Bear.
15:07 of 1st period - Shot by Adam Fox.
15:07 of 1st period - Stopped by Ilya Sorokin without a rebound.
15:08 of 1st period - Lars Eller wins face-off versus Kirby Dach in NEW YORK Islanders zone.
15:17 of 1st period - Rasmus Ristolainen is hit by Kirby Dach and loses puck.
15:47 of 1st period - Icing by Filip Forsberg.
15:48 of 1st period - Vincent Trocheck wins face-off versus Filip Forsberg in CAROLINA Hurricanes zone.
16:13 of 1st period - Icing by Vincent Trocheck.
16:14 of 1st period - Mika Zibanejad wins face-off versus Vincent Trocheck in NEW YORK Islanders zone.
16:24 of 1st period - Vincent Trocheck is hit by Adam Fox and loses puck.
16:27 of 1st period - Shot by Nino Niederreiter.
16:27 of 1st period - Deflect By Vincent Trocheck.
16:27 of 1st period - Shot Blocked by Mika Zibanejad.
17:11 of 1st period - Off-side.
17:12 of 1st period - Dillon Dube wins face-off versus Nazem Kadri in neutral zone.
18:18 of 1st period - Shot by David Perron.
18:18 of 1st period - Stopped by Ilya Sorokin without a rebound.
18:19 of 1st period - Mika Zibanejad wins face-off versus Kirby Dach in NEW YORK Islanders zone.
18:31 of 1st period - Icing by Ethan Bear.
18:32 of 1st period - Lars Eller wins face-off versus Kirby Dach in NEW YORK Islanders zone.
18:41 of 1st period - Shot by Kirby Dach.
18:41 of 1st period - Stopped by Alexandar Georgiev without a rebound.
18:42 of 1st period - Vincent Trocheck wins face-off versus Mika Zibanejad in CAROLINA Hurricanes zone.
18:59 of 1st period - Shot by Vincent Trocheck.
18:59 of 1st period - Stopped by Alexandar Georgiev with a rebound.
19:01 of 1st period - Shot by Nikolaj Ehlers.
19:01 of 1st period - Shot Misses the Net.
19:09 of 1st period - Shot by Nino Niederreiter.
19:09 of 1st period - Shot Misses the Net.
19:42 of 1st period - Adam Fox is hit by Kirby Dach and loses puck.
Goals for this period are 1 for CAROLINA Hurricanes vs 0 for NEW YORK Islanders.
Shots for this period are 10 for CAROLINA Hurricanes vs 5 for NEW YORK Islanders.

2nd period


0:01 of 2nd period - Vincent Trocheck wins face-off versus Mika Zibanejad in neutral zone.
0:04 of 2nd period - Brandon Montour is hit by Nikolaj Ehlers and loses puck.
0:17 of 2nd period - Shot by Nino Niederreiter.
0:17 of 2nd period - Stopped by Alexandar Georgiev without a rebound.
0:18 of 2nd period - Lars Eller wins face-off versus Dillon Dube in CAROLINA Hurricanes zone.
0:40 of 2nd period - Icing by Niko Mikkola.
0:41 of 2nd period - Lars Eller wins face-off versus Vincent Trocheck in CAROLINA Hurricanes zone.
0:58 of 2nd period - Minor Penalty to Erik Cernak for Hooking.
0:59 of 2nd period - Mika Zibanejad wins face-off versus Sean Kuraly in NEW YORK Islanders zone.
1:21 of 2nd period - Icing by Adam Fox.
1:22 of 2nd period - Mika Zibanejad wins face-off versus Sean Kuraly in CAROLINA Hurricanes zone.
1:37 of 2nd period - Shot by Mika Zibanejad.
1:37 of 2nd period - Stopped by Ilya Sorokin without a rebound.
1:38 of 2nd period - Sean Kuraly wins face-off versus Nazem Kadri in NEW YORK Islanders zone.
1:45 of 2nd period - Shot by Nazem Kadri.
1:45 of 2nd period - Stopped by Ilya Sorokin without a rebound.
1:46 of 2nd period - Mika Zibanejad wins face-off versus Sean Kuraly in NEW YORK Islanders zone.
1:57 of 2nd period - Shot by Elias Pettersson.
1:57 of 2nd period - Shot Blocked by Jacob Trouba.
2:10 of 2nd period - Icing by Elias Pettersson.
2:11 of 2nd period - Dillon Dube wins face-off versus Mika Zibanejad in CAROLINA Hurricanes zone.
2:16 of 2nd period - Shot by Dillon Dube.
2:16 of 2nd period - Shot Blocked by Kris Letang.
2:18 of 2nd period - Shot by Braden Schneider.
2:18 of 2nd period - Stopped by Alexandar Georgiev without a rebound.
2:19 of 2nd period - Nazem Kadri wins face-off versus Sean Kuraly in CAROLINA Hurricanes zone.
3:18 of 2nd period - Shot by David Perron.
3:18 of 2nd period - Shot Misses the Net.
3:20 of 2nd period - Shot by Devon Toews.
3:20 of 2nd period - Shot Misses the Net.
3:54 of 2nd period - Kirby Dach is hit by Filip Forsberg and loses puck.
3:56 of 2nd period - Minor Penalty to Jacob Trouba for Tripping.
3:57 of 2nd period - Sean Kuraly wins face-off versus Mika Zibanejad in NEW YORK Islanders zone.
5:07 of 2nd period - Icing by Travis Konecny.
5:08 of 2nd period - Dillon Dube wins face-off versus Nazem Kadri in CAROLINA Hurricanes zone.
5:22 of 2nd period - Icing by Devon Toews.
5:23 of 2nd period - Sean Kuraly wins face-off versus Travis Konecny in CAROLINA Hurricanes zone.
5:31 of 2nd period - Icing by Devon Toews.
5:32 of 2nd period - Nazem Kadri wins face-off versus Sean Kuraly in CAROLINA Hurricanes zone.
5:32 of 2nd period - Nazem Kadri is hit by Sean Kuraly.
6:12 of 2nd period - Noah Cates is hit by Erik Cernak and loses puck.
6:37 of 2nd period - Shot by Vincent Trocheck.
6:37 of 2nd period - Stopped by Alexandar Georgiev without a rebound.
6:38 of 2nd period - Lars Eller wins face-off versus Kirby Dach in CAROLINA Hurricanes zone.
6:55 of 2nd period - Shot by Victor Olofsson.
6:55 of 2nd period - Goal by Victor Olofsson - CAROLINA Hurricanes : 1 - NEW YORK Islanders : 1.
6:56 of 2nd period - Mika Zibanejad wins face-off versus Dillon Dube in neutral zone.
7:29 of 2nd period - Shot by Lucas Raymond.
7:29 of 2nd period - Shot Misses the Net.
7:33 of 2nd period - Shot by Dillon Dube.
7:33 of 2nd period - Shot Misses the Net.
7:35 of 2nd period - Shot by Ilya Lyubushkin.
7:35 of 2nd period - Shot Misses the Net.
7:37 of 2nd period - Shot by Ilya Lyubushkin.
7:37 of 2nd period - Stopped by Alexandar Georgiev with a rebound.
7:53 of 2nd period - Elias Pettersson is hit by Vincent Trocheck and loses puck.
8:07 of 2nd period - Vincent Trocheck is hit by Rasmus Ristolainen and loses puck.
8:53 of 2nd period - Jesper Fast is hit by Rasmus Ristolainen.
8:55 of 2nd period - Shot by Jacob Trouba.
8:55 of 2nd period - Stopped by Alexandar Georgiev with a rebound.
9:41 of 2nd period - Shot by Pius Suter.
9:41 of 2nd period - Shot Misses the Net.
9:43 of 2nd period - Shot by Ethan Bear.
9:43 of 2nd period - Stopped by Alexandar Georgiev without a rebound.
9:44 of 2nd period - Nazem Kadri wins face-off versus Dillon Dube in CAROLINA Hurricanes zone.
10:00 of 2nd period - Shot by Brady Tkachuk.
10:00 of 2nd period - Deflect By William Nylander.
10:00 of 2nd period - Stopped by Ilya Sorokin without a rebound.
10:01 of 2nd period - Vincent Trocheck wins face-off versus Lars Eller in NEW YORK Islanders zone.
10:30 of 2nd period - Icing by Devon Toews.
10:31 of 2nd period - Lars Eller wins face-off versus Dillon Dube in CAROLINA Hurricanes zone.
10:45 of 2nd period - Shot by Lucas Raymond.
10:45 of 2nd period - Shot Misses the Net.
10:47 of 2nd period - Shot by Dillon Dube.
10:47 of 2nd period - Stopped by Alexandar Georgiev with a rebound.
10:49 of 2nd period - Shot by Dillon Dube.
10:49 of 2nd period - Stopped by Alexandar Georgiev without a rebound.
10:50 of 2nd period - Kirby Dach wins face-off versus Nazem Kadri in CAROLINA Hurricanes zone.
12:10 of 2nd period - Shot by Derek Ryan.
12:10 of 2nd period - Shot Misses the Net.
12:12 of 2nd period - Shot by Devon Toews.
12:12 of 2nd period - Shot Misses the Net.
12:14 of 2nd period - Shot by Derek Ryan.
12:14 of 2nd period - Shot Misses the Net.
12:16 of 2nd period - Shot by Blake Lizotte.
12:16 of 2nd period - Shot Misses the Net.
12:18 of 2nd period - Shot by Kris Letang.
12:18 of 2nd period - Shot Misses the Net.
12:20 of 2nd period - Shot by Derek Ryan.
12:20 of 2nd period - Shot Blocked by Braden Schneider.
12:58 of 2nd period - Shot by Filip Forsberg.
12:58 of 2nd period - Shot Misses the Net.
13:12 of 2nd period - Shot by Lucas Raymond.
13:12 of 2nd period - Shot Misses the Net.
13:14 of 2nd period - Shot by Erik Cernak.
13:14 of 2nd period - Shot Blocked by Adam Fox.
14:04 of 2nd period - Shot by Vincent Trocheck.
14:04 of 2nd period - Stopped by Alexandar Georgiev without a rebound.
14:05 of 2nd period - Pius Suter wins face-off versus Elias Pettersson in CAROLINA Hurricanes zone.
15:17 of 2nd period - Vincent Trocheck is hit by Devon Toews and loses puck.
16:20 of 2nd period - Shot by Dillon Dube.
16:20 of 2nd period - Shot Misses the Net.
16:39 of 2nd period - Shot by Jesper Fast.
16:39 of 2nd period - Stopped by Alexandar Georgiev without a rebound.
16:40 of 2nd period - Kirby Dach wins face-off versus Lars Eller in CAROLINA Hurricanes zone.
16:45 of 2nd period - Shot by Ilya Lyubushkin.
16:45 of 2nd period - Shot Blocked by Adam Fox.
16:47 of 2nd period - Shot by Ilya Lyubushkin.
16:47 of 2nd period - Stopped by Alexandar Georgiev without a rebound.
16:48 of 2nd period - Vincent Trocheck wins face-off versus Lars Eller in CAROLINA Hurricanes zone.
17:08 of 2nd period - Icing by David Perron.
17:09 of 2nd period - Dillon Dube wins face-off versus Lars Eller in CAROLINA Hurricanes zone.
17:12 of 2nd period - Shot by Dillon Dube.
17:12 of 2nd period - Shot Misses the Net.
17:39 of 2nd period - Filip Forsberg is hit by Erik Cernak and loses puck.
18:25 of 2nd period - Brandon Montour is hit by Vincent Trocheck and loses puck.
18:33 of 2nd period - Adam Fox is hit by Vincent Trocheck and loses puck.
19:08 of 2nd period - Shot by Mika Zibanejad.
19:08 of 2nd period - Shot Misses the Net.
19:10 of 2nd period - Shot by Travis Konecny.
19:10 of 2nd period - Stopped by Ilya Sorokin without a rebound.
19:11 of 2nd period - Kirby Dach wins face-off versus Nazem Kadri in NEW YORK Islanders zone.
19:11 of 2nd period - Victor Olofsson is hit by Nazem Kadri and loses puck.
19:24 of 2nd period - Shot by Kirby Dach.
19:24 of 2nd period - Shot Misses the Net.
19:30 of 2nd period - Shot by Kirby Dach.
19:30 of 2nd period - Stopped by Alexandar Georgiev without a rebound.
19:31 of 2nd period - Dillon Dube wins face-off versus Mika Zibanejad in CAROLINA Hurricanes zone.
19:32 of 2nd period - Shot by Lucas Raymond.
19:32 of 2nd period - Deflect By Dillon Dube.
19:32 of 2nd period - Stopped by Alexandar Georgiev without a rebound.
19:33 of 2nd period - Mika Zibanejad wins face-off versus Vincent Trocheck in CAROLINA Hurricanes zone.
19:44 of 2nd period - Shot by Elias Pettersson.
19:44 of 2nd period - Stopped by Ilya Sorokin without a rebound.
19:45 of 2nd period - Nazem Kadri wins face-off versus Dillon Dube in NEW YORK Islanders zone.
19:50 of 2nd period - Shot by Nazem Kadri.
19:50 of 2nd period - Shot Misses the Net.
19:52 of 2nd period - Shot by Devon Toews.
19:52 of 2nd period - Stopped by Ilya Sorokin without a rebound.
19:53 of 2nd period - Vincent Trocheck wins face-off versus Elias Pettersson in NEW YORK Islanders zone.
19:53 of 2nd period - Vincent Trocheck is hit by Elias Pettersson.
Goals for this period are 0 for CAROLINA Hurricanes vs 1 for NEW YORK Islanders.
Shots for this period are 6 for CAROLINA Hurricanes vs 14 for NEW YORK Islanders.

3rd period


0:01 of 3rd period - Vincent Trocheck wins face-off versus Mika Zibanejad in neutral zone.
0:03 of 3rd period - Minor Penalty to Brandon Montour for Cross-checking.
0:04 of 3rd period - Vincent Trocheck wins face-off versus Mika Zibanejad in CAROLINA Hurricanes zone.
0:29 of 3rd period - Off-side.
0:30 of 3rd period - Dillon Dube wins face-off versus Mika Zibanejad in neutral zone.
0:35 of 3rd period - Mika Zibanejad is hit by Dillon Dube and loses puck.
1:01 of 3rd period - Shot by Braden Schneider.
1:01 of 3rd period - Stopped by Alexandar Georgiev without a rebound.
1:02 of 3rd period - Mika Zibanejad wins face-off versus Vincent Trocheck in CAROLINA Hurricanes zone.
1:02 of 3rd period - Mika Zibanejad is hit by Lucas Raymond.
1:11 of 3rd period - Icing by Jacob Trouba.
1:12 of 3rd period - Mika Zibanejad wins face-off versus Vincent Trocheck in NEW YORK Islanders zone.
1:24 of 3rd period - Shot by Nino Niederreiter.
1:24 of 3rd period - Shot Misses the Net.
1:41 of 3rd period - Jacob Trouba is hit by Rasmus Ristolainen and loses puck.
1:47 of 3rd period - Vincent Trocheck is hit by Kris Letang and loses puck.
4:03 of 3rd period - Shot by Dillon Dube.
4:03 of 3rd period - Shot Misses the Net.
5:14 of 3rd period - Shot by Nino Niederreiter.
5:14 of 3rd period - Stopped by Alexandar Georgiev with a rebound.
5:25 of 3rd period - Nikolaj Ehlers is hit by Brandon Montour and loses puck.
7:01 of 3rd period - Rasmus Ristolainen is hit by Sebastian D Aho.
7:30 of 3rd period - Niko Mikkola is hit by Dillon Dube and loses puck.
7:51 of 3rd period - Shot by Jacob Trouba.
7:51 of 3rd period - Stopped by Alexandar Georgiev without a rebound.
7:52 of 3rd period - Kirby Dach wins face-off versus Mika Zibanejad in CAROLINA Hurricanes zone.
7:59 of 3rd period - Shot by Elias Pettersson.
7:59 of 3rd period - Shot Blocked by Ethan Bear.
8:01 of 3rd period - Shot by Brandon Montour.
8:01 of 3rd period - Shot Misses the Net.
8:03 of 3rd period - Shot by Mika Zibanejad.
8:03 of 3rd period - Stopped by Ilya Sorokin without a rebound.
8:04 of 3rd period - Pius Suter wins face-off versus Nazem Kadri in NEW YORK Islanders zone.
8:22 of 3rd period - William Nylander is hit by Jacob Trouba and loses puck.
8:26 of 3rd period - Icing by Erik Cernak.
8:27 of 3rd period - Mika Zibanejad wins face-off versus Michael McLeod in NEW YORK Islanders zone.
8:29 of 3rd period - Travis Konecny is hit by Jacob Trouba and loses puck.
8:45 of 3rd period - Minor Penalty to Jacob Trouba for Cross-checking.
8:46 of 3rd period - Mika Zibanejad wins face-off versus Sean Kuraly in NEW YORK Islanders zone.
8:51 of 3rd period - Shot by Elias Pettersson.
8:51 of 3rd period - Deflect By William Nylander.
8:51 of 3rd period - Shot Misses the Net.
8:55 of 3rd period - Shot by Elias Pettersson.
8:55 of 3rd period - Stopped by Ilya Sorokin without a rebound.
8:56 of 3rd period - Mika Zibanejad wins face-off versus Sean Kuraly in NEW YORK Islanders zone.
9:23 of 3rd period - Shot by Mika Zibanejad.
9:23 of 3rd period - Stopped by Ilya Sorokin without a rebound.
9:24 of 3rd period - Dillon Dube wins face-off versus Nazem Kadri in NEW YORK Islanders zone.
9:41 of 3rd period - Shot by Travis Konecny.
9:41 of 3rd period - Goal by Travis Konecny - CAROLINA Hurricanes : 2 - NEW YORK Islanders : 1.
9:42 of 3rd period - Blake Lizotte wins face-off versus Kirby Dach in neutral zone.
9:53 of 3rd period - Shot by Brandon Montour.
9:53 of 3rd period - Stopped by Ilya Sorokin without a rebound.
9:54 of 3rd period - Dillon Dube wins face-off versus Mika Zibanejad in NEW YORK Islanders zone.
10:04 of 3rd period - Icing by Jacob Trouba.
10:05 of 3rd period - Brady Tkachuk wins face-off versus Dillon Dube in NEW YORK Islanders zone.
10:10 of 3rd period - Shot by Brady Tkachuk.
10:10 of 3rd period - Shot Blocked by Jacob Trouba.
10:25 of 3rd period - Shot by Dillon Dube.
10:25 of 3rd period - Stopped by Alexandar Georgiev without a rebound.
10:26 of 3rd period - Vincent Trocheck wins face-off versus Mika Zibanejad in CAROLINA Hurricanes zone.
11:20 of 3rd period - Shot by Lucas Raymond.
11:20 of 3rd period - Shot Misses the Net.
11:22 of 3rd period - Shot by Ilya Lyubushkin.
11:22 of 3rd period - Stopped by Alexandar Georgiev without a rebound.
11:23 of 3rd period - Nazem Kadri wins face-off versus Dillon Dube in CAROLINA Hurricanes zone.
12:22 of 3rd period - Icing by Brandon Montour.
12:23 of 3rd period - Vincent Trocheck wins face-off versus Nazem Kadri in CAROLINA Hurricanes zone.
12:34 of 3rd period - Shot by Nikolaj Ehlers.
12:34 of 3rd period - Deflect By Vincent Trocheck.
12:34 of 3rd period - Stopped by Alexandar Georgiev without a rebound.
12:35 of 3rd period - Kirby Dach wins face-off versus Travis Konecny in CAROLINA Hurricanes zone.
12:35 of 3rd period - Kirby Dach is hit by Devon Toews.
12:52 of 3rd period - Shot by Elias Pettersson.
12:52 of 3rd period - Shot Misses the Net.
12:54 of 3rd period - Shot by Elias Pettersson.
12:54 of 3rd period - Goal by Elias Pettersson - CAROLINA Hurricanes : 3 - NEW YORK Islanders : 1.
12:55 of 3rd period - Vincent Trocheck wins face-off versus Blake Lizotte in neutral zone.
13:07 of 3rd period - Nikolaj Ehlers is hit by Rasmus Ristolainen.
13:23 of 3rd period - Shot by Vincent Trocheck.
13:23 of 3rd period - Shot Misses the Net.
13:43 of 3rd period - Minor Penalty to Blake Lizotte for Holding.
13:44 of 3rd period - Dillon Dube wins face-off versus Mika Zibanejad in CAROLINA Hurricanes zone.
14:38 of 3rd period - Off-side.
14:39 of 3rd period - Vincent Trocheck wins face-off versus Mika Zibanejad in neutral zone.
14:52 of 3rd period - Shot by Vincent Trocheck.
14:52 of 3rd period - Stopped by Alexandar Georgiev with a rebound.
14:54 of 3rd period - Shot by Ethan Bear.
14:54 of 3rd period - Shot Misses the Net.
14:56 of 3rd period - Shot by Braden Schneider.
14:56 of 3rd period - Shot Misses the Net.
14:58 of 3rd period - Shot by Braden Schneider.
14:58 of 3rd period - Shot Blocked by Adam Fox.
15:04 of 3rd period - Shot by Ethan Bear.
15:04 of 3rd period - Stopped by Alexandar Georgiev with a rebound.
15:06 of 3rd period - Shot by Nino Niederreiter.
15:06 of 3rd period - Shot Misses the Net.
15:08 of 3rd period - Shot by Ethan Bear.
15:08 of 3rd period - Shot Misses the Net.
15:24 of 3rd period - Shot by Erik Cernak.
15:24 of 3rd period - Stopped by Alexandar Georgiev without a rebound.
15:25 of 3rd period - Lars Eller wins face-off versus Dillon Dube in CAROLINA Hurricanes zone.
17:01 of 3rd period - Kris Letang is hit by Erik Cernak and loses puck.
18:20 of 3rd period - Adam Fox is hit by Lucas Raymond and loses puck.
18:49 of 3rd period - Shot by Nazem Kadri.
18:49 of 3rd period - Stopped by Ilya Sorokin without a rebound.
18:50 of 3rd period - Vincent Trocheck wins face-off versus Blake Lizotte in NEW YORK Islanders zone.
18:50 of 3rd period - Vincent Trocheck is hit by Derek Ryan.
19:53 of 3rd period - Shot by Victor Olofsson.
19:53 of 3rd period - Stopped by Alexandar Georgiev without a rebound.
19:54 of 3rd period - Pius Suter wins face-off versus Mika Zibanejad in CAROLINA Hurricanes zone.
Goals for this period are 2 for CAROLINA Hurricanes vs 0 for NEW YORK Islanders.
Shots for this period are 7 for CAROLINA Hurricanes vs 10 for NEW YORK Islanders. Output by the SimonT Hockey Simulator (STHS) for Martin Benoit - Original Page W3C HTML5 Valid
Hockey Simulator - Hockey Simulation - Hockey Manager